 Dungeon Crawl Stone Soup version 0.16.1-4-g8e1b745 (console) character file.

60 gw the Charlatan (level 3, -2/20 HPs)
             Began as a Deep Elf Artificer on Mar 28, 2015.
             Slain by a slave (4 damage)
             ... led by Pikel
             ... on level 3 of the Dungeon.
             The game lasted 00:01:14 (1293 turns).

gw the Charlatan (Deep Elf Artificer)               Turns: 1293, Time: 00:01:14

Health: -2/20      AC:  7    Str:  8    XL:     3   Next: 80%
Magic:  7/7        EV: 11    Int: 16    God:
Gold:   78         SH:  0    Dex: 16    Spells: 0 memorised, 2 levels left

rFire  . . .     SeeInvis .     a - +0 rapier
rCold  . . .     Clarity  .     g - +1 ring mail {rPois}
rNeg   . . .     SustAb   .     (no shield)
rPois  +         Gourm    .     (no helmet)
rElec  .         Spirit   .     h - +0 cloak
rCorr  .         Warding  .     (no gloves)
rMut   .         Stasis   .     (no boots)
MR     .....                    (no amulet)
Stlth  +.........               (no ring)
                                (no ring)

@: not resistant to hostile enchantments, very unstealthy
A: no striking features
a: no special abilities


You were on level 3 of the Dungeon.
You were very hungry.

You visited 1 branch of the dungeon, and saw 4 of its levels.

You collected 78 gold pieces.

Inventory:

Hand weapons
 a - a +0 rapier (weapon)
Missiles
 o - 13 arrows
Armour
 g - a +1 ring mail of poison resistance (worn)
 h - a +0 cloak (worn)
Magical devices
 b - a wand of flame (10)
 c - a wand of enslavement (13)
 d - a wand of random effects (10)
Scrolls
 e - a scroll of recharging {unknown}
 i - a scroll of fog {unknown}
 m - a scroll of identify {unknown}
Potions
 k - a potion of poison {unknown}
Comestibles
 f - 3 bread rations
 j - a meat ration
 l - a slice of pizza
 n - 3 fruits


   Skills:
 + Level 1.5 Fighting
 * Level 2.7 Short Blades
 + Level 3.2 Dodging
 - Level 1.2 Stealth
 - Level 3.2 Evocations


You had 2 spell levels left.
You didn't know any spells.

Dungeon Overview and Level Annotations

Branches:
Dungeon (4/15)
 Temple: D:4-7

Altars:

Annotations:
D:3 exclusion: downstairs
D:4 Pikel


Message History

Unknown command.
FLEEEEING!
MOVING TO (8,0)
The slave hits you but does no damage.
Unknown command.
Unknown command.
Unknown command.
MOVING TO (7,1)
A bat comes into view.
The slave hits you.
Unknown command.
Unknown command.
Unknown command.
MOVING TO (6,1) Unknown command.
Unknown command.
Unknown command.
MOVING TO (5,1)
The bat hits you. The slave hits you.
You die...

# .
########.#...
###
#.....b.......
...
#>..pe........
...
#.#####.######
## #.. .. ##.#
## .. #.# .#
.#


You could see a slave and a bat.

Table legend:
 A = Turns spent in this place as a percentage of turns spent in the entire game.
 B = Non-inter-level travel turns spent in this place as a percentage of non-inter-level travel turns spent in the entire game.
 C = Inter-level travel turns spent in this place as a percentage of turns spent in this place.
 D = Turns resting spent in this place as a percentage of non-inter-level travel turns spent in this place.
 E = Turns spent auto-exploring this place as a percentage of non-inter-level travel turns spent in this place.
 F = Non-inter-level travel turns spent in this place divided by the number of levels of this place that you've seen.
                   A       B       C       D       E      F
               +-------+-------+-------+-------+-------+----------------------
         Total | 100.0 | 100.0 |   2.4 |   1.5 |   2.3 | 409.5
       Dungeon | 100.0 | 100.0 |   2.4 |   1.5 |   2.3 | 409.5
               +-------+-------+-------+-------+-------+----------------------

Table legend:
 A = Kills in this place as a percentage of kills in entire the game.
 B = Kills by you in this place as a percentage of kills by you in the entire game.
 C = Kills by friends in this place as a percentage of kills by friends in the entire game.
 D = Other kills in this place as a percentage of other kills in the entire game.
 E = Experience gained in this place as a percentage of experience gained in the entire game.
 F = Experience gained in this place divided by the number of levels of this place that you have seen.
                   A       B       C       D       E      F
               +-------+-------+-------+-------+-------+----------------------
         Total | 100.0 | 100.0 |  -nan |  -nan | 100.0 |  21.5
       Dungeon | 100.0 | 100.0 |  -nan |  -nan | 100.0 |  21.5
               +-------+-------+-------+-------+-------+----------------------

Vanquished Creatures
  An iguana (D:4)
  An adder (D:2)
  A giant mite (D:2)
  An orc (D:4)
  4 goblins (D:2)
  4 hobgoblins
  2 bats (D:2)
  A jackal skeleton (D:4)
  2 kobolds (D:2)
  A rat (D:2)
18 creatures vanquished.

Vanquished Creatures (others)
  A slave (D:4)
1 creature vanquished.

Grand Total: 19 creatures vanquished

Notes
Turn   | Place    | Note
--------------------------------------------------------------
     0 | D:1      | gw, the Deep Elf Artificer, began the quest for the Orb.
     0 | D:1      | Reached XP level 1. HP: 11/11 MP: 2/2
    35 | D:1      | Reached skill level 1 in Fighting
   322 | D:2      | Reached XP level 2. HP: 14/16 MP: 5/5
   627 | D:3      | Reached XP level 3. HP: 20/20 MP: 7/7
  1237 | D:4      | Noticed a slave
  1239 | D:4      | Noticed Pikel
  1240 | D:4      | Noticed a slave
  1244 | D:4      | Noticed a slave
  1247 | D:4      | Noticed a slave
  1274 | D:4      | a slave (ally) was killed
  1293 | D:3      | Slain by a slave

Action                   || total
-------------------------++-------
Melee: Short sword       ||    25
       Rapier            ||    29
Evoke: Wand              ||    12

Vault maps used:
D:1:      evilmike_arrival_plus, hangedman_decor_push
D:2:      forest_paths, first_bread
D:3:      wad_crossroads, lemuel_coloured_pillars_altar, nrook_mini_vaults
D:4:      uniq_robin, uniq_pikel
